Map: Prion Terraces

Players

Vincent

  • Race: Zerg Zerg
  • League: Grandmaster

Miszu - Winner!

  • Race: Terran Terran
  • League: Grandmaster

VOD

Have the link to the VOD?

Description

Time

  • Played on: Feb. 8, 2016, 9:02 a.m.
  • Length: 13:50
Show
View Real Time Build Order
Export as new Build Order

Vincent Zerg 

Build Orders: Hatch First, Muta Ling Bane 

Get SALT Encoding   

  12  0:01  Drone  
  13  0:09  Drone  
  14  0:17  Overlord  
  14  0:24  Extractor, Drone  
  15  0:36  Drone x2  
  17  0:53  Hatchery  
  17  0:56  Drone  
  17  1:00  Drone  
  18  1:12  Extractor  
  18  1:14  Drone  
  18  1:15  Extractor  
  17  1:23  Spawning Pool  
  17  1:24  Drone  
  17  1:33  Drone  
  17  1:38  Drone  
  19  1:48  Overlord  
  19  1:58  Drone  
  20  2:10  Queen x2  
  20  2:11  Zergling x4  
  20  2:15  Metabolic Boost  
  26  2:20  Drone  
  26  2:22  Drone  
  28  2:36  Drone x2  
  30  2:42  Overlord  
  30  2:46  Queen  
  30  2:48  Queen  
  34  2:53  Drone  
  34  2:54  Drone  
  36  3:00  Drone  
  36  3:01  Drone  
  38  3:09  Drone  
  38  3:10  Overlord  
  39  3:16  Drone  
  40  3:22  Zergling x8  
  44  3:29  Hatchery  
  43  3:37  Zergling x2, Drone x2  
  43  3:38  Zergling x2  
  47  3:58  Overlord  
  47  4:00  Drone x2  
  47  4:01  Drone x2  
  51  4:03  Zergling x2  
  51  4:04  Overlord  
  51  4:06  Extractor  
  51  4:13  Evolution Chamber  
  51  4:15  Evolution Chamber  
  49  4:19  Overlord  
  49  4:21  Drone x2  
  51  4:31  Drone x5  
  56  4:41  Zerg Melee Weapons Level 1  
  56  4:46  Drone  
  56  4:47  Drone x5  
  61  4:57  Zerg Ground Armor Level 1  
  61  5:07  Overlord  
  61  5:12  Lair  
  61  5:14  Drone x7, Hatchery  
  61  5:15  Drone  
  61  5:16  Extractor  
  61  5:17  Extractor  
  66  5:27  Baneling Nest  
  65  5:32  Drone x7  
  72  5:38  Overlord  
  72  5:47  Zergling x2  
  72  5:48  Overlord x4  
  72  5:49  Overlord  
  73  6:01  Extractor  
  73  6:02  Extractor, Drone x2  
  73  6:08  Zergling x12  
  73  6:10  Centrifical Hooks  
  79  6:14  Spire, Drone  
  79  6:16  Baneling x3  
  79  6:17  Zergling x14, Baneling  
  85  6:19  Baneling  
  85  6:25  Baneling  
  85  6:26  Zergling x8, Baneling  
  85  6:31  Zergling x6  
  92  6:33  Baneling x2  
  92  6:34  Baneling x2  
  92  6:37  Zergling x2  
  92  6:38  Zergling x4  
  95  6:45  Drone  
  95  6:46  Drone x6  
  97  6:52  Baneling  
  97  6:57  Drone x6  
  103  7:02  Overlord  
  103  7:04  Zerg Ground Armor Level 2, Zerg Melee Weapons Level 2  
  103  7:05  Drone  
  103  7:06  Drone x2  
  106  7:14  Extractor  
  106  7:15  Extractor  
  104  7:16  Overlord  
  104  7:24  Zergling x14  
  111  7:31  Baneling x3  
  111  7:32  Baneling  
  110  7:40  Mutalisk x6  
  122  7:45  Drone x3  
  122  7:46  Drone x4  
  129  7:51  Mutalisk x2  
  129  7:53  Overseer  
  129  7:54  Zergling x2  
  129  7:55  Zergling x2  
  135  8:02  Overlord x4  
  135  8:05  Baneling x5  
  135  8:06  Baneling x3  
  135  8:07  Baneling x2  
  135  8:09  Pneumatized Carapace  
  135  8:14  Overlord x2  
  135  8:15  Overlord x3  
  135  8:27  Zergling x26  
  135  8:28  Zergling x4  
  150  8:34  Baneling  
  150  8:35  Baneling x9, Mutalisk x3  
  156  8:44  Baneling  
  156  8:45  Zergling x2, Baneling x7  
  156  8:46  Zergling x16  
  165  8:51  Baneling  
  165  8:52  Baneling x6  
  165  8:56  Mutalisk  
  165  8:58  Zergling x16  
  174  9:14  Hatchery  
  174  9:16  Zergling x2  
  154  9:17  Zergling x10  
  151  9:25  Baneling x4  
  151  9:26  Baneling x2  
  151  9:27  Zergling x8  
  153  9:31  Zergling x2  
  153  9:32  Zergling x18  
  152  9:40  Zergling x2  
  152  9:41  Zergling x8  
  152  9:43  Mutalisk  
  148  9:49  Zergling x6  
  150  9:58  Baneling x2  
  150  10:00  Zergling x8  
  150  10:03  Mutalisk x3  
  160  10:14  Zergling x8  
  161  10:24  Zergling x8  
  160  10:35  Zergling x8  
  145  10:37  Baneling x9  
  136  10:43  Zergling x4  
  136  10:44  Zergling x8  
  134  10:50  Mutalisk  
  134  10:57  Zergling x6  
  114  11:06  Mutalisk x9  
  114  11:11  Queen  
  111  11:13  Zergling x10  
  110  11:24  Zergling x14  
  111  11:35  Zergling x8  
  105  11:42  Mutalisk  
  105  11:43  Mutalisk x7  
  105  11:45  Zergling x2  
  105  11:47  Queen  
  116  11:51  Zergling x2  
  116  11:52  Zergling x4  
  114  11:59  Zergling x4  
  112  12:14  Baneling Nest  
  111  12:18  Mutalisk, Hatchery  
  111  12:19  Mutalisk x2  
  111  12:22  Zergling x24  
  110  12:28  Zergling x6  
  108  12:34  Zergling x2  
  104  12:44  Zergling x2  
  104  12:45  Zergling x4  
  104  12:48  Mutalisk x4  
  112  12:58  Zergling x8  
  113  13:01  Baneling x12  
  113  13:02  Baneling x3  
  109  13:09  Zergling x2  
  109  13:10  Zergling x2  
  108  13:13  Hatchery  
  88  13:31  Zergling x14  
Show
View Real Time Build Order
Export as new Build Order

Miszu Terran - Winner!

Build Orders: MMM Bio 

Get SALT Encoding   

  12  0:02  SCV  
  13  0:14  SCV  
  14  0:18  Supply Depot  
  14  0:26  SCV  
  15  0:40  SCV  
  15  0:41  Barracks  
  16  0:45  Refinery  
  16  0:52  SCV  
  17  1:04  SCV  
  18  1:18  SCV  
  19  1:30  Orbital Command  
  19  1:31  Barracks Reactor  
  19  1:39  Command Center  
  19  1:50  Supply Depot  
  19  1:56  SCV  
  20  2:07  Reaper x2  
  22  2:08  SCV  
  23  2:20  SCV  
  24  2:27  Command Center  
  24  2:32  SCV  
  25  2:39  Reaper  
  26  2:44  SCV  
  26  2:48  Reaper  
  26  2:50  Orbital Command  
  28  2:57  SCV  
  29  3:09  Barracks x2, SCV  
  29  3:11  Reaper  
  31  3:16  SCV  
  31  3:17  Refinery  
  32  3:21  SCV  
  32  3:24  Reaper  
  34  3:28  SCV  
  34  3:33  SCV  
  36  3:40  SCV  
  37  3:45  SCV, Orbital Command  
  37  3:48  Marine  
  39  3:52  SCV  
  40  3:56  Marine  
  40  3:57  SCV  
  40  4:00  Barracks Tech Lab x2  
  41  4:04  SCV  
  41  4:07  Factory, Refinery  
  41  4:08  Marine, Refinery  
  41  4:09  SCV  
  44  4:13  Marine  
  44  4:14  SCV  
  44  4:16  SCV  
  47  4:17  Marine  
  47  4:21  Stimpack, SCV  
  49  4:25  Marine, Orbital Command  
  49  4:26  Marine  
  49  4:28  SCV  
  52  4:31  Supply Depot, Marine  
  52  4:33  SCV  
  52  4:35  Marine  
  55  4:40  SCV  
  55  4:43  Marine  
  58  4:45  SCV  
  58  4:46  Engineering Bay  
  58  4:48  Engineering Bay  
  58  4:49  Marine  
  58  4:51  SCV  
  61  4:53  SCV  
  61  4:54  Supply Depot, Starport  
  61  4:55  Factory Reactor  
  61  4:57  Marine  
  61  4:58  SCV  
  63  5:02  Marine  
  63  5:03  SCV  
  63  5:04  Combat Shields  
  63  5:05  SCV  
  66  5:09  Supply Depot  
  66  5:10  SCV  
  66  5:12  Supply Depot  
  67  5:15  SCV  
  67  5:16  Terran Infantry Armor Level 1  
  67  5:17  SCV  
  67  5:18  Terran Infantry Weapons Level 1  
  69  5:22  SCV  
  69  5:25  Bunker  
  69  5:26  Marine  
  69  5:27  Marine  
  69  5:28  Supply Depot, Marine x2  
  73  5:34  SCV  
  75  5:40  Factory Tech Lab  
  75  5:41  Medivac x2, Factory Reactor  
  75  5:42  SCV x2  
  81  5:43  Supply Depot  
  81  5:44  Marine  
  81  5:45  Marine  
  81  5:46  SCV  
  84  5:52  Supply Depot  
  84  5:54  SCV  
  84  5:55  Supply Depot  
  85  5:59  Supply Depot, SCV x2  
  85  6:01  Marine x3  
  90  6:05  Armory  
  90  6:11  Medivac x2  
  90  6:17  SCV x3  
  97  6:21  Barracks  
  97  6:23  Refinery  
  97  6:24  Barracks  
  97  6:29  Marauder x2, Widow Mine x2  
  105  6:47  Marine  
  88  6:49  SCV  
  88  6:50  Marauder  
  88  6:51  SCV x2  
  98  6:55  Marauder  
  98  6:58  Widow Mine  
  102  7:02  Marine  
  102  7:05  Widow Mine  
  105  7:11  Terran Infantry Armor Level 2, Barracks x2, Marauder  
  105  7:12  Barracks, Terran Infantry Weapons Level 2  
  105  7:14  Factory, Marine  
  106  7:16  Barracks Tech Lab, Marauder  
  106  7:17  Barracks Reactor  
  106  7:19  Marine  
  107  7:24  Medivac  
  107  7:26  Widow Mine  
  107  7:29  Refinery  
  111  7:31  Marine  
  111  7:33  Marauder  
  111  7:34  Supply Depot x2  
  111  7:35  Supply Depot  
  111  7:36  Marauder  
  116  7:37  Marine x2, Widow Mine  
  116  7:39  Medivac  
  122  7:49  Marine  
  123  7:54  Marauder  
  123  7:55  Marine x2  
  123  7:56  Marine  
  123  7:57  Marauder  
  123  7:58  Marine x4  
  131  8:01  Command Center  
  131  8:03  Factory Tech Lab  
  131  8:04  Terran Vehicle Weapons Level 1  
  134  8:07  Marine  
  134  8:08  Missile Turret  
  134  8:11  Missile Turret  
  135  8:13  Marine x2, Marauder, Concussive Shells  
  135  8:15  Marauder  
  135  8:16  Marine x4  
  135  8:17  Widow Mine x2  
  135  8:18  Medivac  
  135  8:19  Marauder  
  153  8:25  Marine  
  154  8:31  Marine x2  
  154  8:34  Marine  
  157  8:59  Supply Depot x2, Marine x4  
  157  9:00  Marauder x2  
  157  9:02  Supply Depot  
  165  9:05  Marine x2  
  165  9:06  Marine  
  165  9:12  Widow Mine x2  
  165  9:13  Marauder, Thor  
  154  9:17  Marine x4  
  154  9:20  SCV  
  154  9:21  Marauder x2  
  154  9:23  Marine x2  
  154  9:24  Marine  
  152  9:34  Marine  
  152  9:35  Marine x4  
  152  9:36  SCV x2  
  153  9:41  Marine x3  
  153  9:42  Marine  
  153  9:43  Marauder  
  151  9:48  Medivac  
  151  9:52  Marine  
  153  9:53  Marine x4  
  153  9:54  Widow Mine x2  
  161  10:00  Marauder  
  161  10:04  Marauder  
  165  10:16  Marine x4, Terran Infantry Armor Level 3, Marauder  
  165  10:17  Marine  
  168  10:23  Marine  
  168  10:24  Marine, Marauder  
  168  10:25  Marine  
  163  10:34  Marine x3  
  138  10:38  Marauder  
  118  10:45  Marine  
  118  10:46  Marine x4, Marauder  
  118  10:52  Marine  
  118  10:54  Marine  
  107  10:59  Marauder  
  107  11:00  Marine  
  107  11:03  Marine  
  107  11:04  Marine  
  104  11:05  Marauder  
  104  11:10  Marine  
  104  11:11  Marine x2  
  107  11:14  Marine  
  107  11:16  Marine  
  108  11:19  Marine  
  108  11:20  Marine  
  108  11:22  Marine  
  108  11:24  Marine  
  110  11:30  Marine  
  110  11:32  Marine  
  111  11:33  Marine x2  
  111  11:35  Marine  
  109  11:44  Marine  
  109  11:45  Marine x4  
  104  11:48  Marine  
  104  12:00  Marine  
  104  12:01  Marine x3  
  99  12:18  Marine x4  
  99  12:19  Marine x6  
  103  12:31  Orbital Command  
  103  12:36  Marine x6  
  108  12:42  Marine x3  
  108  12:43  Marine  
  111  12:53  Marine  
  111  12:54  Marine x2  
  110  13:22  Marine  
  110  13:23  Marine x8  
  104  13:30  Marine  
Tags
 
Add a new tag
Caveats
  • Supply blocks, unpowered buildings, or Contaminate may cause inaccurate times.
  • Supply counts are checked every 10 seconds.